 Dungeon Crawl Stone Soup version 0.31-a0-149-g3fdcc5976a (webtiles) character file.

Game seed: 1339557228268631601

85482 qw the Crack Shot (level 15, -21/152 HPs)
             Began as a Minotaur Hunter on June 7, 2023.
             Was a High Priest of Okawaru.
             Blown up by a lich (79 damage)
             ... with an orb of destruction
             ... on level 2 of the Abyss.
             The game lasted 00:08:47 (18016 turns).

qw the Crack Shot (Minotaur Hunter)                Turns: 18016, Time: 00:08:48

Health: -21/152    AC: 18    Str: 21    XL:     15   Next: 38%
Magic:  15/21      EV: 31    Int:  5    God:    Okawaru [*****.]
Gold:   1322       SH:  0    Dex: 21    Spells: 14/14 levels left

rFire   x x .        g - +2 triple crossbow "Turab" {flame, Drain Str+2 Dex+2 SInv}
rCold   x x .        (shield currently unavailable)
rNeg    . . .        s - +1 robe "Xithruud" {Fly Dex+2}
rPois   +            (helmet restricted)
rElec   +            a - +0 cloak
rCorr   .            t - +0 pair of gloves
SInv    +            d - +2 pair of boots "Wahop" {rElec}
Will    ++...        c - amulet of Elemental Vulnerability {rPois rF-- rC-- AC+8}
Stlth   +++          f - +5 ring of evasion
HPRegen 0.45/turn    (no ring)
MPRegen 0.17/turn

%: no passive effects
@: heroic, finesse-ful, flying
A: horns 2, retaliatory headbutt, strong-willed 1, robust 1, strong 1, [clumsy
2]
a: Renounce Religion, Heroism, Finesse, Duel


You were on level 2 of the Abyss.
You worshipped Okawaru.
Okawaru was extremely pleased with you.
You visited 2 branches of the dungeon, and saw 19 of its levels.
You visited the Abyss 1 time.

You collected 1322 gold pieces.


Innate Abilities, Weirdness & Mutations

You have a pair of horns on your head.
You reflexively headbutt those who attack you in melee.
You are strong-willed. (Will+)
You are robust. (+10% HP)
Your muscles are strong. (Str +4, Int/Dex -1)
[You are very clumsy. (Dex -4)]


   Skills:
 + Level 14.9(19.9) Fighting
 - Level 21.0(26.0) Ranged Weapons
 - Level 5.4(10.4) Armour
 - Level 13.0(18.0) Dodging
 - Level 0.7(5.7) Stealth
 - Level 10.0 Invocations


You had 14 spell levels left.
You didn't know any spells.
Your spell library was empty.

Inventory:

Hand Weapons
 g - the +2 triple crossbow "Turab" (weapon) {flame, Drain Str+2 Dex+2 SInv}
   (Okawaru gifted it to you on level 5 of the Lair of Beasts)

   Str:       It affects your strength (+2).
   Dex:       It affects your dexterity (+2).
   SInv:      It lets you see invisible.
   Drain:     It drains your maximum health when unequipped.
Armour
 a - a +0 cloak (worn)
 d - the +2 pair of boots "Wahop" (worn) {rElec}
   (You acquired it on level 3 of the Dungeon)

   rElec:     It insulates you from electricity.
 q - a +0 troll leather armour
 s - the +1 robe "Xithruud" (worn) {Fly Dex+2}
   (You found it on level 2 of the Lair of Beasts)

   Dex:       It affects your dexterity (+2).
   Fly:       It grants you flight.
 t - a +0 pair of gloves (worn)
 v - a scarf of resistance
 y - a +1 ring mail of fire resistance
Jewellery
 c - the amulet of Elemental Vulnerability (around neck) {rPois rF-- rC-- AC+8}
   (You found it on level 6 of the Dungeon)

   [amulet of nothing]

   AC:        It affects your AC (+8).
   rF:        It makes you very vulnerable to fire.
   rC:        It makes you very vulnerable to cold.
   rPois:     It protects you from poison.
 e - a ring of fire
 f - a +5 ring of evasion (left hand)
 h - an amulet of reflection
 n - a ring of ice
Wands
 u - a wand of digging (5)
Scrolls
 i - a scroll of identify
 l - 2 scrolls of teleportation
 x - a scroll of brand weapon
Potions
 b - a potion of magic
 j - 9 potions of curing
 k - 3 potions of haste
 m - 2 potions of mutation
 o - a potion of cancellation
 p - a potion of resistance
 r - a potion of might
 A - a potion of berserk rage {unknown}

Dungeon Overview and Level Annotations

Branches:
Dungeon (14/15)            Temple (0/1) D:4            Lair (5/5) D:10
  Swamp (0/4) Lair:2        Snake (0/4) Lair:2        Slime (0/5) Lair:5
    Orc (0/2) D:12         Vaults (0/5) D:13

Altars:
Ashenzari
Cheibriados
Fedhas
Hepliaklqana
Kikubaaqudgha
Makhleb
Okawaru
Sif Muna
Trog
Uskayaw
Xom
Yredelemnul
Zin
The Shining One
Jiyva

Shops:
D:14 (

Portals:
Hell: Lair:5

Annotations:
D:3 3 runed translucent doors, qw's ghost, amateur MiHu
D:4 3 runed translucent doors, qw's ghost, amateur GrFi
D:13 2 transporters, Dirphi Vium's ghost, journeyman MiBe


Message History

18008 ||| INVOKING Finesse.
You can now deal lightning-fast blows.
You shoot a bolt. The bolt hits the wretched star!!!
The bolt burns the wretched star.
You destroy the wretched star!
Okawaru accepts your kill.
The wretched star glows turbulently.
The lance of force hits you!!!
You are knocked back by the lance of force.
You slam into the crystal wall!
You feel the corruption within you wane completely.
Your urge to scream lessens.
Your urge to shout disappears.
Your base Dodging skill increases to level 13!
You shoot a bolt.
The bolt barely misses the wretched star.
You shoot a bolt. The bolt hits the wretched star!!!
The bolt burns the wretched star!
The wretched star is severely damaged.
You hear a roar!
You shoot a bolt. The bolt hits the wretched star.
The wretched star is severely damaged.
You shoot a bolt. The bolt hits the wretched star!
The bolt burns the wretched star.
The wretched star is almost destroyed.
The wretched star pulses with an eldritch light!
You feel clumsy. x2
You shoot a bolt. The bolt hits the wretched star!!
The bolt burns the wretched star.
You destroy the wretched star!
Okawaru accepts your kill.
The lich launches a ball of destructive magic.
An orb of destruction comes into view.
18015 ||| DROPPING +0 robe of cold resistance.
You drop a +0 robe of cold resistance.
The substance of the Abyss twists violently, and a gateway leading out appears!
The lich gestures wildly while chanting.
The lich flickers and vanishes for a moment.
The orb of destruction hits you!!!!
Ouch! That really hurt!
You die...

# # . . . ... .
.#..##...##..# #.
.. #.##.#.#.#.
.#.##. . .
...##..##..#. #.
.... ..## ####.#
# . .# #.L#..# #
.. # .
....0...##.#..#.#
: ##.###0....## .
) ##....@¤¤ ..
###
#.#..#¤#..##.###
# #.# ##.## ## ..
##


You could see a lich (invisible).

Vanquished Creatures
  2 tentacled starspawn (Abyss:2)
  Kirke (D:14)
  A revenant (Abyss:2)
  A deep elf sorcerer (Abyss:2)
  2 very ugly things (Abyss:2)
  A starcursed mass (Abyss:2)
  Josephine (Lair:5)
  3 vault guards (D:13)
  Erolcha (D:10)
  5 hydras
  3 catoblepae
  A boulder beetle (Lair:4)
  A centaur warrior (D:13)
  A vampire mage (Abyss:2)
  2 thrashing horrors (Abyss:2)
  A demonic crawler (Abyss:2)
  A sun demon (Lair:5)
  2 wretched stars (Abyss:2)
  Sonja (D:10)
  5 skeletal warriors (D:11)
  A flayed ghost (Abyss:2)
  A bog body (Lair:2)
  A wizard (Lair:5)
  4 large abominations (Abyss:2)
  5 oklob plants
  3 cyclopes
  2 ugly things (D:13)
  3 black mambas
  An orange demon (Lair:5)
  10 cane toads
  2 smoke demons (Abyss:2)
  3 torpor snails
  25 elephants
  2 unseen horrors
  3 gargoyles
  Psyche (D:10)
  A kobold demonologist (D:13)
  8 komodo dragons
  5 rime drakes (Lair:5)
  2 red devils (Lair:5)
  2 ice devils (Lair:5)
  A hellwing (Lair:5)
  5 trolls
  3 polar bears
  15 blink frogs
  2 hornets
  Prince Ribbit (D:7)
  2 raiju (Abyss:2)
  13 dream sheep
  A flying skull (Abyss:2)
  13 slime creatures
  A ynoxinul (Abyss:2)
  5 wyverns
  7 wraiths
  4 basilisks
  Eustachio (D:4)
  10 humans
  An unseen horror simulacrum (D:9)
  82 yaks
  4 hogs (D:14)
  A steam dragon (D:6)
  Menkaure (D:7)
  9 vampire mosquitoes (D:12)
  A chaos spawn (Abyss:2)
  An acid dragon (D:13)
  5 hell hounds (Lair:5)
  A floating eye (D:14)
  9 water moccasins
  2 ice beasts (D:9)
  4 orc warriors
  A black bear (Lair:3)
  3 sky beasts
  2 ogres
  4 centaurs
  18 wolves
  4 kobold brigands
  Blork the orc (D:5)
  12 bullfrogs
  A gnoll sergeant (D:8)
  3 scorpions
  12 wights
  2 vampire bats (Lair:5)
  8 howler monkeys
  An electric eel (D:9)
  2 quasits (Abyss:2)
  A wyvern simulacrum (D:9)
  A hound (D:2)
  3 jellies (Lair:5)
  7 orc priests
  A gnoll bouda (Lair:1)
  7 orc wizards
  A sleepcap (D:6)
  Natasha (D:2)
  3 small abominations (Abyss:2)
  2 centaur simulacra (D:9)
  A mummy (D:5)
  16 gnolls
  5 adders
  A shadow imp (D:7)
  5 white imps (D:9)
  2 howler monkey simulacra (D:9)
  An ufetubus (D:4)
  2 dart slugs
  2 worms
  30 orcs
  8 ball pythons
  6 endoplasms
  A giant cockroach (D:2)
  12 goblins
  8 hobgoblins
  3 quokkas
  8 bats
  2 frilled lizards
  25 kobolds
  10 rats
  A spectral orc (D:10)
  2 starspawn tentacles (Abyss:2)
578 creatures vanquished.

Vanquished Creatures (others)
  A wizard (D:9)
  2 small abominations (Abyss:2)
  A human (D:13)
  2 starspawn tentacles (Abyss:2)
6 creatures vanquished.

Grand Total: 584 creatures vanquished

Notes
Turn   | Place    | Note
-------+----------+-------------------------------------------
     0 | D:1      | qw the Minotaur Hunter began the quest for the Orb.
     0 | D:1      | Reached XP level 1. HP: 18/18 MP: 0/0
     0 | D:1      | 0 ||| qw: Version: 0.2-a-117-gc6b5c8b
     0 | D:1      | 0 ||| qw: Game counter: 2635
     0 | D:1      | 0 ||| qw: Always use a shield: true
     0 | D:1      | 0 ||| qw: God list: Okawaru
     0 | D:1      | 0 ||| qw: Allow faded altars: false
     0 | D:1      | 0 ||| qw: Do Orc after D:15 true
     0 | D:1      | 0 ||| qw: Do second Lair branch before Depths: true
     0 | D:1      | 0 ||| qw: Lair rune preference: random
     0 | D:1      | 0 ||| qw: Plans: Normal
     0 | D:1      | 0 ||| PLANNING D:1-11
   244 | D:1      | Reached XP level 2. HP: 25/25 MP: 1/1
   341 | D:1      | Reached skill level 5 in Ranged Weapons
   843 | D:1      | 843 ||| DROPPING ring of wizardry.
   844 | D:1      | 844 ||| READING scroll labelled PENIGGODOOK.
   845 | D:1      | 845 ||| READING scroll labelled QAIMYCE GUEZAPN.
   850 | D:1      | 850 ||| READING scroll labelled DOPE YXZUUNLE.
   851 | D:1      | 851 ||| READING scroll labelled ALUUGE JEOGODAE.
   894 | D:1      | 894 ||| READING scroll labelled ZUXAMY BO ECYSYM.
   895 | D:1      | 895 ||| READING scroll labelled BUURUFFAHOU.
   896 | D:1      | 896 ||| DRINKING 2 emerald potions.
   897 | D:1      | 897 ||| DROPPING scroll of butterflies.
   936 | D:2      | Found a faded altar of an unknown god.
  1007 | D:2      | Reached skill level 3 in Fighting
  1077 | D:2      | Reached XP level 3. HP: 31/31 MP: 2/2
  1247 | D:2      | HP: 7/31 [poisoned by an adder]
  1448 | D:2      | Reached XP level 4. HP: 38/38 MP: 3/3
  1529 | D:2      | 1529 ||| UPGRADING to +0 leather armour of cold resistance.
  1539 | D:2      | 1539 ||| DROPPING +0 leather armour.
  1540 | D:2      | 1540 ||| READING scroll labelled REEPPUA XEOMAA.
  1541 | D:2      | 1541 ||| READING scroll labelled HUEMESCHIZOL.
  1542 | D:2      | 1542 ||| READING scroll labelled OJILEED MUMEM.
  1544 | D:2      | 1544 ||| Stepping ~*~*~tactically~*~*~ (cloud).
  1653 | D:3      | Noticed Natasha
  1658 | D:3      | 1658 ||| STAIRDANCE
  1660 | D:2      | Killed Natasha
  1661 | D:2      | Reached skill level 6 in Ranged Weapons
  1739 | D:3      | 1739 ||| STAIRDANCE
  1793 | D:3      | Reached XP level 5. HP: 45/46 MP: 4/4
  1833 | D:3      | 1833 ||| READING scroll of enchant weapon.
  1833 | D:3      | 1833 ||| ENCHANTING +1 shortbow of flaming.
  1916 | D:3      | 1916 ||| READING scroll labelled DYUWUI LUTHRA.
  1916 | D:3      | Identified a scroll of acquirement
  1916 | D:3      | 1916 ||| ACQUIRING +2 pair of boots "Wahop" {rElec}
  1916 | D:3      | Acquired the +2 pair of boots "Wahop" {rElec}
  2018 | D:3      | 2018 ||| UPGRADING to +2 pair of boots "Wahop" {rElec}.
  2063 | D:3      | Reached skill level 1 in Armour
  2097 | D:3      | Found a runed translucent gate.
  2099 | D:3      | Found a runed translucent gate.
  2105 | D:3      | Noticed qw's ghost (amateur MiHu)
  2116 | D:3      | Found a runed translucent gate.
  2179 | D:3      | 2179 ||| Stepping ~*~*~tactically~*~*~ (outnumbered).
  2180 | D:3      | 2180 ||| Stepping ~*~*~tactically~*~*~ (outnumbered).
  2187 | D:3      | Reached skill level 7 in Ranged Weapons
  2208 | D:3      | Found an iron altar of Okawaru.
  2209 | D:3      | 2209 ||| PLANNING OKAWARU WORSHIP
  2212 | D:3      | 2212 ||| UPGRADING to amulet of reflection.
  2217 | D:3      | 2217 ||| READING scroll labelled ELUCSE TUPUAG.
  2225 | D:3      | Became a worshipper of Warmaster Okawaru
  2225 | D:3      | 2225 ||| PLANNING D:1-11
  2393 | D:4      | Reached XP level 6. HP: 46/52 MP: 5/5
  2393 | D:4      | 2393 ||| STAIRDANCE
  2446 | D:4      | 2446 ||| STAIRDANCE
  2626 | D:4      | Noticed Eustachio
  2638 | D:4      | Killed Eustachio
  2639 | D:4      | Reached skill level 8 in Ranged Weapons
  2724 | D:4      | Found a staircase to the Ecumenical Temple.
  2761 | D:4      | Found a runed translucent gate.
  2833 | D:4      | Found a runed translucent gate.
  2833 | D:4      | Found a runed translucent gate.
  2833 | D:4      | Noticed qw's ghost (amateur GrFi)
  2858 | D:4      | Reached skill level 3 in Dodging
  2858 | D:4      | Reached XP level 7. HP: 52/59 MP: 6/6
  2859 | D:4      | 2859 ||| FLEEEEING.
  2868 | D:4      | Reached * piety under Okawaru
  3246 | D:4      | 3246 ||| DROPPING +0 ring mail.
  3247 | D:4      | 3247 ||| UPGRADING to +1 leather armour of willpower.
  3267 | D:5      | Entered Level 5 of the Dungeon
  3267 | D:5      | Found a hide-covered altar of Uskayaw.
  3267 | D:5      | Found an ancient bone altar of Kikubaaqudgha.
  3272 | D:5      | Found a basalt altar of Yredelemnul.
  3385 | D:5      | Noticed Blork the orc
  3386 | D:5      | 3386 ||| INVOKING Heroism.
  3394 | D:5      | Killed Blork the orc
  3428 | D:5      | Found a snail-covered altar of Cheibriados.
  3569 | D:5      | Reached skill level 1 in Invocations
  3798 | D:6      | Reached skill level 9 in Ranged Weapons
  3811 | D:6      | Reached skill level 6 in Fighting
  3811 | D:6      | Reached XP level 8. HP: 49/70 MP: 7/9
  3811 | D:6      | 3811 ||| INVOKING Heroism.
  3915 | D:6      | Found the amulet of Elemental Vulnerability {rPois rF--
                  | rC-- AC+8}
  4069 | D:6      | 4069 ||| INVOKING Heroism.
  4078 | D:6      | Reached skill level 3 in Invocations
  4172 | D:6      | 4172 ||| INVOKING Heroism.
  4304 | D:6      | 4304 ||| DROPPING +0 leather armour of cold resistance.
  4305 | D:6      | 4305 ||| UPGRADING to amulet of Elemental Vulnerability
                  | {rPois rF-- rC-- AC+8}.
  4506 | D:6      | 4506 ||| INVOKING Heroism.
  4589 | D:6      | 4589 ||| Stepping ~*~*~tactically~*~*~ (outnumbered).
  4593 | D:6      | 4593 ||| Stepping ~*~*~tactically~*~*~ (outnumbered).
  4651 | D:6      | Found a shimmering blue altar of Sif Muna.
  4670 | D:6      | Reached skill level 10 in Ranged Weapons
  4854 | D:6      | 4854 ||| READING scroll labelled JUCVUO MEPNAHI.
  4886 | D:7      | 4886 ||| STAIRDANCE
  4923 | D:7      | Found a broken altar of Ashenzari.
  4963 | D:7      | 4963 ||| INVOKING Heroism.
  4964 | D:7      | 4964 ||| Stepping ~*~*~tactically~*~*~ (outnumbered).
  5034 | D:7      | Noticed Menkaure
  5035 | D:7      | 5035 ||| INVOKING Heroism.
  5038 | D:7      | Killed Menkaure
  5039 | D:7      | Reached XP level 9. HP: 79/79 MP: 8/11
  5190 | D:7      | Noticed Prince Ribbit
  5191 | D:7      | 5191 ||| INVOKING Heroism.
  5200 | D:7      | Killed Prince Ribbit
  5276 | D:7      | 5276 ||| INVOKING Heroism.
  5350 | D:7      | Reached skill level 11 in Ranged Weapons
  5442 | D:7      | Reached ** piety under Okawaru
  5473 | D:7      | 5473 ||| READING scroll of brand weapon.
  5473 | D:7      | 5473 ||| BRANDING +2 shortbow of flaming.
  5873 | D:7      | 5873 ||| UPGRADING to +0 cloak.
  5878 | D:7      | 5878 ||| DRINKING 2 fizzy dark potions.
  5879 | D:7      | 5879 ||| DRINKING 2 fuming ruby potions.
  5879 | D:7      | Gained mutation: You are strong-willed. (Will+) [potion of
                  | mutation]
  5879 | D:7      | Gained mutation: Your muscles are strong. (Str +4, Int/Dex
                  | -1) [potion of mutation]
  5879 | D:7      | Gained mutation: You are robust. (+10% HP) [potion of
                  | mutation]
  5898 | D:7      | 5898 ||| DROPPING potion of attraction.
  6046 | D:8      | Found a burning altar of Makhleb.
  6352 | D:8      | 6352 ||| SWAPPING to +0 orcbow.
  6353 | D:8      | 6353 ||| DROPPING +2 shortbow of freezing.
  6440 | D:8      | 6440 ||| READING scroll of brand weapon.
  6440 | D:8      | 6440 ||| BRANDING +0 orcbow.
  6732 | D:8      | 6732 ||| READING scroll labelled ATAG KOANOMEGE.
  6733 | D:8      | 6733 ||| READING 2 scrolls of identify.
  6733 | D:8      | 6733 ||| IDENTIFYING coppery potion
  6738 | D:9      | Found a bloodstained altar of Trog.
  6739 | D:9      | Noticed a wizard
  6745 | D:9      | Killed a wizard
  6803 | D:9      | Reached skill level 12 in Ranged Weapons
  6843 | D:9      | 6843 ||| INVOKING Heroism.
  6911 | D:9      | 6911 ||| Stepping ~*~*~tactically~*~*~ (outnumbered).
  6924 | D:9      | Reached skill level 6 in Dodging
  6992 | D:9      | Reached *** piety under Okawaru
  6993 | D:9      | Reached XP level 10. HP: 96/96 MP: 12/12
  7016 | D:9      | 7016 ||| INVOKING Heroism.
  7155 | D:9      | 7155 ||| Stepping ~*~*~tactically~*~*~ (outnumbered).
  7157 | D:9      | 7157 ||| Stepping ~*~*~tactically~*~*~ (outnumbered).
  7161 | D:9      | 7161 ||| Stepping ~*~*~tactically~*~*~ (outnumbered).
  7221 | D:9      | 7221 ||| INVOKING Heroism.
  7244 | D:9      | Reached skill level 13 in Ranged Weapons
  7257 | D:9      | 7257 ||| INVOKING Heroism.
  7270 | D:9      | Reached skill level 9 in Fighting
  7280 | D:9      | Reached skill level 3 in Armour
  7570 | D:9      | 7570 ||| INVOKING Heroism.
  7642 | D:9      | Found a blossoming altar of Fedhas.
  7678 | D:9      | 7678 ||| READING scroll labelled QOKEYF BUTHRAKK.
  7693 | D:10     | Entered Level 10 of the Dungeon
  7706 | D:10     | Noticed Sonja
  7713 | D:10     | 7713 ||| INVOKING Heroism.
  7720 | D:10     | Killed Sonja
  7856 | D:10     | Found a flagged portal.
  7863 | D:10     | 7863 ||| READING scroll of enchant weapon.
  7863 | D:10     | 7863 ||| ENCHANTING +0 orcbow of freezing.
  7865 | D:10     | Identified the +9 hand axe of Nocuufer {pain, Int+2 Dex+2}
  7888 | D:10     | Reached skill level 14 in Ranged Weapons
  7901 | D:10     | Noticed Erolcha
  7902 | D:10     | 7902 ||| INVOKING Heroism.
  7918 | D:10     | Killed Erolcha
  7928 | D:10     | 7928 ||| FLEEEEING.
  7929 | D:10     | 7929 ||| FLEEEEING.
  7929 | D:10     | Found a staircase to the Lair.
  7930 | D:10     | 7930 ||| FLEEEEING.
  7931 | D:10     | 7931 ||| FLEEEEING.
  7932 | D:10     | 7932 ||| FLEEEEING.
  7933 | D:10     | 7933 ||| FLEEEEING.
  7934 | D:10     | 7934 ||| FLEEEEING.
  7935 | D:10     | 7935 ||| FLEEEEING.
  7936 | D:10     | 7936 ||| FLEEEEING.
  7937 | D:10     | 7937 ||| FLEEEEING.
  7938 | D:10     | 7938 ||| FLEEEEING.
  7939 | D:10     | 7939 ||| FLEEEEING.
  7940 | D:10     | 7940 ||| FLEEEEING.
  7941 | D:10     | 7941 ||| FLEEEEING.
  7942 | D:10     | 7942 ||| FLEEEEING.
  7943 | D:10     | 7943 ||| FLEEEEING.
  7944 | D:10     | 7944 ||| FLEEEEING.
  7945 | D:10     | 7945 ||| FLEEEEING.
  7946 | D:10     | 7946 ||| FLEEEEING.
  7947 | D:10     | 7947 ||| FLEEEEING.
  7948 | D:10     | 7948 ||| FLEEEEING.
  7949 | D:10     | 7949 ||| FLEEEEING.
  7950 | D:10     | 7950 ||| FLEEEEING.
  7951 | D:10     | 7951 ||| FLEEEEING.
  7952 | D:10     | 7952 ||| FLEEEEING.
  7953 | D:10     | 7953 ||| FLEEEEING.
  7954 | D:10     | 7954 ||| FLEEEEING.
  7955 | D:10     | 7955 ||| FLEEEEING.
  7956 | D:10     | 7956 ||| FLEEEEING.
  7957 | D:10     | 7957 ||| STAIRDANCE
  8006 | D:9      | 8006 ||| FLEEEEING.
  8090 | D:10     | 8090 ||| INVOKING Heroism.
  8165 | D:10     | Noticed Psyche
  8166 | D:10     | 8166 ||| INVOKING Heroism.
  8169 | D:10     | Killed Psyche
  8175 | D:10     | Noticed a gargoyle
  8186 | D:10     | Killed a gargoyle
  8219 | D:10     | Found a glowing silver altar of Zin.
  8299 | D:10     | 8299 ||| INVOKING Heroism.
  8306 | D:10     | Reached XP level 11. HP: 108/108 MP: 10/13
  8421 | D:10     | Found a hazy altar of Hepliaklqana.
  8500 | D:10     | Found a glowing golden altar of the Shining One.
  8508 | D:10     | 8508 ||| PLANNING LAIR
  8508 | D:10     | 8508 ||| DROPPING +0 steam dragon scales.
  8509 | D:10     | 8509 ||| UPGRADING to +0 troll leather armour.
  8519 | D:10     | 8519 ||| DROPPING +1 leather armour of willpower.
  8520 | D:10     | 8520 ||| READING scroll labelled MASHRU KAMO.
  8542 | Lair:1   | Entered Level 1 of the Lair of Beasts
  8561 | Lair:1   | 8561 ||| INVOKING Heroism.
  8671 | Lair:1   | 8671 ||| INVOKING Heroism.
  8725 | Lair:1   | 8725 ||| INVOKING Heroism.
  8779 | Lair:1   | 8779 ||| INVOKING Heroism.
  8806 | Lair:1   | Reached **** piety under Okawaru
  9137 | Lair:1   | 9137 ||| INVOKING Heroism.
  9153 | Lair:1   | Reached skill level 15 in Ranged Weapons
  9294 | Lair:2   | Found a staircase to the Snake Pit.
  9300 | Lair:2   | Noticed a bog body
  9303 | Lair:2   | Killed a bog body
  9303 | Lair:2   | Reached ***** piety under Okawaru
  9304 | Lair:2   | Reached skill level 6 in Invocations
  9304 | Lair:2   | Found a staircase to the Swamp.
  9307 | Lair:2   | 9307 ||| INVOKING Heroism.
  9408 | Lair:2   | 9408 ||| INVOKING Heroism.
  9414 | Lair:2   | Noticed an eight-headed hydra
  9416 | Lair:2   | 9416 ||| Stepping ~*~*~tactically~*~*~ (outnumbered).
  9429 | Lair:2   | 9429 ||| INVOKING Finesse.
  9430 | Lair:2   | 9430 ||| INVOKING Heroism.
  9434 | Lair:2   | 9434 ||| INVOKING Finesse.
  9436 | Lair:2   | HP: 27/108 [eight-headed hydra (8)]
  9437 | Lair:2   | 9437 ||| READING 3 scrolls of teleportation.
  9437 | Lair:2   | HP: 11/108 [eight-headed hydra (6)]
  9440 | Lair:2   | Killed an eight-headed hydra
  9536 | Lair:2   | 9536 ||| INVOKING Heroism.
  9620 | Lair:2   | Reached XP level 12. HP: 116/116 MP: 16/16
  9671 | Lair:2   | Reached skill level 16 in Ranged Weapons
  9675 | Lair:2   | 9675 ||| INVOKING Heroism.
  9858 | Lair:2   | Identified the +1 robe "Xithruud" {Fly Dex+2}
  9861 | Lair:2   | Found a dark tunnel.
  9898 | Lair:2   | 9898 ||| INVOKING Heroism.
  9915 | Lair:2   | Found a burning altar of Makhleb.
  9916 | Lair:2   | 9916 ||| INVOKING Finesse.
  9917 | Lair:2   | 9917 ||| INVOKING Finesse.
  9918 | Lair:2   | 9918 ||| UPGRADING to +1 robe "Xithruud" {Fly Dex+2}.
  9928 | Lair:2   | 9928 ||| UPGRADING to +5 ring of evasion.
 10115 | Lair:3   | Reached skill level 9 in Invocations
 10123 | Lair:3   | 10123 ||| STAIRDANCE
 10206 | Lair:3   | 10206 ||| STAIRDANCE
 10284 | Lair:3   | 10284 ||| STAIRDANCE
 10286 | Lair:2   | 10286 ||| INVOKING Heroism.
 10362 | Lair:3   | 10362 ||| INVOKING Heroism.
 10373 | Lair:3   | Reached skill level 9 in Dodging
 10476 | Lair:3   | 10476 ||| INVOKING Heroism.
 10621 | Lair:3   | Noticed a catoblepas
 10622 | Lair:3   | 10622 ||| INVOKING Heroism.
 10623 | Lair:3   | 10623 ||| INVOKING Finesse.
 10625 | Lair:3   | 10625 ||| Stepping ~*~*~tactically~*~*~ (cloud).
 10629 | Lair:3   | 10629 ||| Stepping ~*~*~tactically~*~*~ (cloud).
 10649 | Lair:3   | Killed a catoblepas
 10664 | Lair:3   | Identified the +1 robe of Broken Taboos {Rampage Str+3
                  | Dex+2} (Okawaru gifted it to you on level 3 of the Lair of
                  | Beasts)
 10664 | Lair:3   | Received a gift from Okawaru
 10685 | Lair:3   | Reached skill level 12 in Fighting
 10694 | Lair:3   | Reached XP level 13. HP: 127/129 MP: 17/19
 10790 | Lair:3   | 10790 ||| INVOKING Heroism.
 10821 | Lair:3   | 10821 ||| INVOKING Finesse.
 10937 | Lair:3   | 10937 ||| INVOKING Heroism.
 11001 | Lair:3   | 11001 ||| FLEEEEING.
 11084 | Lair:3   | 11084 ||| INVOKING Heroism.
 11556 | Lair:3   | 11556 ||| UPGRADING to +0 pair of gloves.
 11561 | Lair:3   | 11561 ||| DROPPING +1 robe of Broken Taboos {Rampage Str+3
                  | Dex+2}.
 11562 | Lair:3   | 11562 ||| DROPPING +0 leather armour of poison resistance.
 11563 | Lair:3   | 11563 ||| DRINKING 2 dark potions.
 11564 | Lair:3   | 11564 ||| DROPPING potion of degeneration.
 11591 | Lair:4   | 11591 ||| INVOKING Heroism.
 11592 | Lair:4   | 11592 ||| Stepping ~*~*~tactically~*~*~ (cloud).
 11593 | Lair:4   | 11593 ||| INVOKING Finesse.
 11600 | Lair:4   | 11600 ||| Stepping ~*~*~tactically~*~*~ (cloud).
 11601 | Lair:4   | 11601 ||| Stepping ~*~*~tactically~*~*~ (cloud).
 11759 | Lair:4   | 11759 ||| INVOKING Heroism.
 11949 | Lair:4   | 11949 ||| INVOKING Heroism.
 12505 | Lair:4   | 12505 ||| DRINKING 2 yellow potions.
 12506 | Lair:4   | 12506 ||| READING 2 scrolls of identify.
 12506 | Lair:4   | 12506 ||| IDENTIFYING inky potion
 12507 | Lair:4   | 12507 ||| DROPPING potion of enlightenment.
 12560 | Lair:5   | Entered Level 5 of the Lair of Beasts
 12587 | Lair:5   | 12587 ||| Stepping ~*~*~tactically~*~*~ (cloud).
 12590 | Lair:5   | 12590 ||| INVOKING Heroism.
 12591 | Lair:5   | 12591 ||| INVOKING Finesse.
 12594 | Lair:5   | 12594 ||| Stepping ~*~*~tactically~*~*~ (cloud).
 12606 | Lair:5   | Reached skill level 12 in Dodging
 12676 | Lair:5   | Identified the +2 triple crossbow "Turab" {flame, Drain
                  | Str+2 Dex+2 SInv} (Okawaru gifted it to you on level 5 of
                  | the Lair of Beasts)
 12676 | Lair:5   | Received a gift from Okawaru
 12684 | Lair:5   | 12684 ||| FLEEEEING.
 12686 | Lair:5   | 12686 ||| INVOKING Heroism.
 12699 | Lair:5   | 12699 ||| SWAPPING to +2 triple crossbow "Turab" {flame,
                  | Drain Str+2 Dex+2 SInv}.
 12700 | Lair:5   | 12700 ||| DROPPING +1 orcbow of freezing.
 12744 | Lair:5   | 12744 ||| INVOKING Heroism.
 12819 | Lair:5   | 12819 ||| INVOKING Heroism.
 12820 | Lair:5   | 12820 ||| INVOKING Finesse.
 12887 | Lair:5   | 12887 ||| DROPPING +7 orcbow.
 12893 | Lair:5   | 12893 ||| INVOKING Heroism.
 12935 | Lair:5   | 12935 ||| INVOKING Heroism.
 12950 | Lair:5   | Reached XP level 14. HP: 146/146 MP: 20/20
 12953 | Lair:5   | Reached skill level 17 in Ranged Weapons
 13065 | Lair:5   | Found a staircase to the Slime Pits.
 13079 | Lair:5   | Found a viscous altar of Jiyva.
 13240 | Lair:5   | 13240 ||| INVOKING Heroism.
 13277 | Lair:5   | Found a burning altar of Makhleb.
 13278 | Lair:5   | 13278 ||| Stepping ~*~*~tactically~*~*~ (outnumbered).
 13280 | Lair:5   | 13280 ||| Stepping ~*~*~tactically~*~*~ (outnumbered).
 13283 | Lair:5   | 13283 ||| INVOKING Heroism.
 13285 | Lair:5   | 13285 ||| Stepping ~*~*~tactically~*~*~ (outnumbered).
 13286 | Lair:5   | 13286 ||| Stepping ~*~*~tactically~*~*~ (outnumbered).
 13293 | Lair:5   | 13293 ||| INVOKING Finesse.
 13311 | Lair:5   | Reached skill level 18 in Ranged Weapons
 13349 | Lair:5   | Found a gateway to Hell.
 13457 | Lair:5   | 13457 ||| INVOKING Heroism.
 13468 | Lair:5   | HP: 33/146 [dream sheep (9)]
 13469 | Lair:5   | 13469 ||| READING 3 scrolls of teleportation.
 13794 | Lair:5   | Noticed Josephine
 13799 | Lair:5   | Killed Josephine
 13889 | Lair:5   | 13889 ||| PLANNING D:1-11
 14037 | D:11     | Identified the +0 helmet of Follow the Leader {Harm rPois
                  | Str+2 Slay-3}
 14614 | D:11     | 14614 ||| INVOKING Heroism.
 14624 | D:11     | Received a gift from Okawaru
 14629 | D:11     | Reached skill level 19 in Ranged Weapons
 15048 | D:11     | 15048 ||| PLANNING D
 15048 | D:11     | 15048 ||| DROPPING amulet of guardian spirit.
 15204 | D:12     | 15204 ||| INVOKING Heroism.
 15205 | D:12     | 15205 ||| READING 2 scrolls of teleportation.
 15491 | D:12     | Found a staircase to the Orcish Mines.
 15610 | D:12     | 15610 ||| READING 2 scrolls of identify.
 15610 | D:12     | 15610 ||| IDENTIFYING fuming golden potion
 15650 | D:13     | Noticed Dirphi Vium's ghost (journeyman MiBe)
 15651 | D:13     | Found a transporter.
 15933 | D:13     | Found a transporter.
 16245 | D:13     | 16245 ||| INVOKING Heroism.
 16249 | D:13     | Reached skill level 20 in Ranged Weapons
 16410 | D:13     | Found a gate to the Vaults.
 16633 | D:13     | 16633 ||| READING scroll labelled BONKYPNOLA.
 16961 | D:14     | Found Jiux's Weapon Shop.
 16964 | D:14     | 16964 ||| INVOKING Heroism.
 16994 | D:14     | 16994 ||| INVOKING Finesse.
 16995 | D:14     | 16995 ||| READING 3 scrolls of identify.
 16995 | D:14     | 16995 ||| IDENTIFYING sedimented red potion
 16996 | D:14     | 16996 ||| READING 2 scrolls of identify.
 16996 | D:14     | 16996 ||| IDENTIFYING golden potion
 16997 | D:14     | 16997 ||| DROPPING potion of ambrosia.
 16998 | D:14     | 16998 ||| DROPPING potion of lignification.
 17008 | D:14     | Paralysed by a floating eye for 4 turns
 17012 | D:14     | 17012 ||| INVOKING Heroism.
 17015 | D:14     | Paralysed by a floating eye for 4 turns
 17021 | D:14     | 17021 ||| INVOKING Finesse.
 17022 | D:14     | Paralysed by a floating eye for 3 turns
 17027 | D:14     | Paralysed by a floating eye for 2 turns
 17033 | D:14     | Paralysed by a floating eye for 4 turns
 17040 | D:14     | Paralysed by a floating eye for 2 turns
 17052 | D:14     | Paralysed by a floating eye for 4 turns
 17056 | D:14     | 17056 ||| INVOKING Finesse.
 17062 | D:14     | Paralysed by a floating eye for 2 turns
 17064 | D:14     | 17064 ||| INVOKING Heroism.
 17070 | D:14     | Paralysed by a floating eye for 4 turns
 17080 | D:14     | Paralysed by a floating eye for 2 turns
 17416 | D:14     | Found a shimmering altar of Xom.
 17460 | D:14     | Noticed Kirke
 17460 | D:14     | 17460 ||| INVOKING Heroism.
 17467 | D:14     | Reached XP level 15. HP: 152/152 MP: 19/21
 17473 | D:14     | Killed Kirke
 17543 | Abyss:2  | Cast into level 2 of the Abyss (a wizard)
 17694 | Abyss:2  | Noticed a deep elf sorcerer
 17695 | Abyss:2  | 17695 ||| INVOKING Heroism.
 17699 | Abyss:2  | Killed a deep elf sorcerer
 17701 | Abyss:2  | Noticed a revenant
 17708 | Abyss:2  | Killed a revenant
 17736 | Abyss:2  | 17736 ||| Stepping ~*~*~tactically~*~*~ (outnumbered).
 17746 | Abyss:2  | Reached skill level 21 in Ranged Weapons
 17842 | Abyss:2  | Noticed a tentacled starspawn
 17843 | Abyss:2  | 17843 ||| Stepping ~*~*~tactically~*~*~ (outnumbered).
 17849 | Abyss:2  | Killed a tentacled starspawn
 17886 | Abyss:2  | 17886 ||| Stepping ~*~*~tactically~*~*~ (cloud).
 17888 | Abyss:2  | 17888 ||| Stepping ~*~*~tactically~*~*~ (cloud).
 17890 | Abyss:2  | 17890 ||| Stepping ~*~*~tactically~*~*~ (cloud).
 17892 | Abyss:2  | 17892 ||| Stepping ~*~*~tactically~*~*~ (cloud).
 17893 | Abyss:2  | 17893 ||| Stepping ~*~*~tactically~*~*~ (cloud).
 17894 | Abyss:2  | 17894 ||| Stepping ~*~*~tactically~*~*~ (cloud).
 17895 | Abyss:2  | 17895 ||| Stepping ~*~*~tactically~*~*~ (cloud).
 17912 | Abyss:2  | Identified the staff of fire "Qobbimec" {rElec rF+ rN+++
                  | rCorr Dex-3}
 17916 | Abyss:2  | 17916 ||| Stepping ~*~*~tactically~*~*~ (cloud).
 17923 | Abyss:2  | Received a gift from Okawaru
 17948 | Abyss:2  | Noticed a tentacled starspawn
 17964 | Abyss:2  | Killed a tentacled starspawn
 18004 | Abyss:2  | Noticed a lich
 18005 | Abyss:2  | 18005 ||| INVOKING Heroism.
 18008 | Abyss:2  | 18008 ||| INVOKING Finesse.
 18015 | Abyss:2  | 18015 ||| DROPPING +0 robe of cold resistance.
 18016 | Abyss:2  | Blown up by a lich

Levels and vault maps discovered:
D:1:      shiori_shiawase, layout_loops_corners, kennysheep_pointless_box
D:2:      layout_rooms, serial_glass, glass_columns_a, glass_columns_a,
          nicolae_ecumenical_oubliette, palyth_stone_intersect,
          minmay_misc_feat_tiny, minmay_split_cup_large
D:3:      layout_rooms, okawaru_altar_gauntlet_db, gammafunk_ghost_split,
          uniq_natasha
D:4:      layout_gridville, minmay_temple_entry_tees,
          gammafunk_ghost_necromancy, solitary_fountain, uniq_eustachio,
          uniq_crazy_yiuf_cottage
D:5:      layout_rooms, slow_altar_1, grunt_temple_overflow_open,
          uniq_blork_the_orc
D:6:      layout_basic, general_overflow_altar
D:7:      layout_basic, lemuel_doored_altar, uniq_menkaure, uniq_prince_ribbit1
D:8:      layout_loops_ring, bloody_makhleb, dk_noncrumbling_3
D:9:      layout_irregular_city, trog_wizard, fedhas_altar_4, serial_ice,
          serial_ice_e, serial_ice_m, serial_ice_l, serial_ice_b, serial_ice_h,
          serial_ice_a, chequers_garden
D:10:     layout_rooms, tso_oasis_becter,
          nicolae_hepliaklqana_monster_ancestors, mainiacjoe_overflow_catwalk,
          dpeg_oklobed_lair, enter_bailey_2, uniq_psyche, uniq_erolcha,
          uniq_sonja
D:11:     layout_loops_corners, chequers_avenue
D:12:     layout_cave_pools, orc_0_dummy
D:13:     layout_cave_pods, ximxim_vaults_locker_room, nzn_ghost_randoct,
          minmay_misc_feat_four_crosses
D:14:     layout_loops_cross, lemuel_coloured_pillars_altar, serial_shops,
          nicolae_take_the_stairs, disabler_island, uniq_kirke
Lair:1:   layout_regular_city, dreamdust_gnoll_shepherd, grunt_megastairs_5
Lair:2:   layout_roguey, skrybe_swamp_entry_bodies, dummy_snake_entry,
          enter_volcano_2, lemuel_oklob_altar, grunt_megastairs_3,
          infiniplex_staircase_pool
Lair:3:   layout_regular_city, wad_woods_06, beast_lair_carwin_7
Lair:4:   layout_cave_pods
Lair:5:   evil_forest, layout_concentric_octagons,
          nicolae_slime_entry_field_trip, minmay_lair_oklob_items,
          roderic_batcave, uniq_josephine
Abyss:2:  base: Bailey, minivault_11, evilmike_abyss_exit_15,
          lemuel_flamethrower_hall, lemuel_flamethrower_hall

Skill      XL: |  1  2  3  4  5  6  7  8  9 10 11 12 13 14 15 |
---------------+----------------------------------------------+-----
Ranged Weapons | 5 6 7 8 9 10 12 14 15 16 20 21 | 21.0
Fighting       | 3 4 6 7 8 10 12 14 | 14.9
Armour         | 1 2 3 4 5 |  5.4
Dodging        | 3 4 6 7 10 12 13 | 13.0
Invocations    | 2 4 7 10 | 10.0
Stealth        | |  0.7

Action                     |  1- 3 |  4- 6 |  7- 9 | 10-12 | 13-15 || total
---------------------------+-------+-------+-------+-------+-------++-------
   Fire: Shortbow          |    98 |   138 |   265 |       |       ||   501
         Orcbow            |       |       |    97 |   689 |   298 ||  1084
         Triple crossbow   |       |       |       |       |   475 ||   475
 Invoke: Heroism           |       |       |    10 |    24 |    24 ||    58
         Finesse           |       |       |       |     3 |     9 ||    12
    Use: Scroll            |     6 |     6 |     5 |     4 |     7 ||    28
         Potion            |     1 |       |     2 |       |     2 ||     5
 Armour: Leather armour    |     3 |    10 |    41 |    26 |       ||    80
         Troll leather arm |       |       |       |    53 |       ||    53
         Robe              |       |       |       |    17 |    88 ||   105
  Dodge: Dodged            |    22 |    30 |    69 |   258 |   491 ||   870
  Block: Other             |       |     7 |     5 |       |       ||    12

Table legend:
 A = Non-vault XP
 B = Vault XP
 C = Vault XP percentage of total XP
 D = Non-vault monster count
 E = Vault monster count
 F = Vault count percentage of total count
                 A         B        C        D         E       F
            +---------+---------+-------+---------+---------+-------
      Total |   89300 |   32818 |  26.9 |     441 |     133 |  23.2
            +---------+---------+-------+---------+---------+-------
        D:1 |      27 |       0 |   0.0 |      18 |       0 |   0.0
        D:2 |      94 |      51 |  35.2 |      22 |       5 |  18.5
        D:3 |     178 |      11 |   5.8 |      23 |       6 |  20.7
        D:4 |     254 |     196 |  43.6 |      20 |       1 |   4.8
        D:5 |     307 |     112 |  26.7 |       5 |       2 |  28.6
        D:6 |     991 |       0 |   0.0 |      23 |       0 |   0.0
        D:7 |     987 |     443 |  31.0 |      20 |       2 |   9.1
        D:8 |     422 |       0 |   0.0 |      11 |       0 |   0.0
        D:9 |    2450 |    1304 |  34.7 |      38 |      16 |  29.6
       D:10 |    1281 |    2020 |  61.2 |       6 |       5 |  45.5
       D:11 |    5830 |       0 |   0.0 |      13 |       0 |   0.0
       D:12 |    4900 |       0 |   0.0 |      25 |       0 |   0.0
       D:13 |    3413 |    4202 |  55.2 |       8 |      11 |  57.9
       D:14 |    2764 |    4066 |  59.5 |       7 |       9 |  56.2
     Lair:1 |    2917 |    1867 |  39.0 |      12 |      10 |  45.5
     Lair:2 |    9824 |    3129 |  24.2 |      39 |       8 |  17.0
     Lair:3 |   12753 |    3421 |  21.2 |      43 |      16 |  27.1
     Lair:4 |    8099 |       0 |   0.0 |      27 |       0 |   0.0
     Lair:5 |   14568 |   11996 |  45.2 |      51 |      42 |  45.2
    Abyss:2 |   17241 |       0 |   0.0 |      30 |       0 |   0.0
            +---------+---------+-------+---------+---------+-------
